 Dungeon Crawl Stone Soup version 0.28-a0-987-g8383568036 (webtiles) character file.

Game seed: 12761331076046853316

328 Htamos the Thaumaturge (level 6, -1/32 HPs)
             Began as a Deep Elf Conjurer on Dec 4, 2021.
             Blown up by Pikel (19 damage)
             ... with a mindburst bolt
             ... on level 5 of the Dungeon.
             The game lasted 00:07:40 (4807 turns).

Htamos the Thaumaturge (Deep Elf Conjurer)          Turns: 4807, Time: 00:07:40

Health: -1/32      AC:  2    Str:  4    XL:     6   Next: 25%
Magic:  7/19       EV: 12    Int: 25    God:
Gold:   143        SH:  0    Dex: 13    Spells: 13/22 levels left

rFire   . . .      SeeInvis .   (no weapon)
rCold   . . .      Faith    .   (no shield)
rNeg    . . .      Spirit   .   a - +0 robe
rPois   .          Reflect  .   (no helmet)
rElec   .          Harm     .   (no cloak)
rCorr   .          Rampage  .   (no gloves)
Will    .....                   (no boots)
Stlth   ++........              (no amulet)
HPRegen 0.10/turn               (no ring)
MPRegen 0.16/turn               (no ring)

@: very slightly contaminated
A: no striking features
a: no special abilities


You were on level 5 of the Dungeon.
You visited 1 branch of the dungeon, and saw 5 of its levels.

You collected 143 gold pieces.

Inventory:

Hand Weapons
 d - a +5 rapier
Missiles
 g - 10 boomerangs
 s - 8 poisoned darts
 u - 4 atropa-tipped darts
Armour
 a - a +0 robe (worn)
 e - a +0 scale mail
 h - a +0 scale mail
 r - a +0 ring mail
Jewellery
 l - an amulet of the acrobat
 t - a +4 ring of evasion
Scrolls
 f - a scroll of teleportation
 m - a scroll of noise
 p - 2 scrolls of enchant weapon
 v - 2 scrolls of vulnerability
 w - a scroll of enchant armour
Potions
 b - a potion of cancellation {unknown}
 c - 2 potions of brilliance {unknown}
 i - a potion of flight {unknown}
 j - 5 potions of curing {unknown}
 k - a potion of lignification {unknown}
 n - 3 potions of haste {unknown}
 o - 2 potions of might {unknown}
 x - a potion of berserk rage {unknown}


   Skills:
 - Level 2.4 Dodging
 - Level 2.4 Stealth
 + Level 8.9 Spellcasting
 - Level 4.3 Conjurations


You had 13 spell levels left.
You knew the following spells:

 Your Spells              Type           Power      Damage    Failure   Level
a - Magic Dart            Conj           100%       1d8       1%          1
b - Fulminant Prism       Conj/Hex       11%        3d9       22%         4
c - Iskenderun's Mystic   Conj/Tloc      22%        2d6       22%         4

Your spell library contained the following spells:

 Spells                   Type           Power      Damage    Failure   Level
 Searing Ray              Conj           66%        2d6       1%          2
 Dazzling Flash           Conj/Hex       44%        N/A       7%          3


Dungeon Overview and Level Annotations

Branches:
Dungeon (5/15)
 Temple: D:4-7

Altars:
Dithmenos
Wu Jian

Shops:
D:2 =

Annotations:
D:2 Sigmund
D:3 Ijyb
D:5 Pikel


Message History

Aiming: Magic Dart (safe; 1% risk of failure)
Press: ? - help, Shift-Dir - straight line, f/p - howler monkey zombie
Aim: a howler monkey zombie (almost destroyed, 100% to hit)
The magic dart hits the howler monkey zombie.
You destroy the howler monkey zombie!
Casting: Magic Dart (safe; 1% risk of failure)
Confirm with . or Enter, or press ? or * to list all spells.
You can't see any susceptible monsters within range! (Use Z to cast anyway.)
You start resting.
Pikel is nearby!
Pikel shouts!
Pikel zaps a wand.
You struggle to resist.
Your magical contamination has completely faded away.
Aiming: Iceblast
Press: ? - help, Shift-Dir - straight line The mass of ice explodes!
The iceblast engulfs Pikel!
Pikel is moderately wounded.
The now-empty wand crumbles to dust.
You hear an angry buzzing noise.
Unknown command.
Casting: Magic Dart (safe; 1% risk of failure)
Confirm with . or Enter, or press ? or * to list all spells.
The spell is extremely dangerous to miscast (22% risk of failure)!
Continue anyway?
Aiming: Fulminant Prism (extremely dangerous; 22% risk of failure)
Press: ? - help, Dir - move target You miscast Fulminant Prism.
You are very lightly contaminated with residual magic.
You are blasted with magical energy.
A lemure comes into view.
Unknown command.
Casting: Fulminant Prism (extremely dangerous; 22% risk of failure)
Confirm with . or Enter, or press ? or * to list all spells.
The spell is extremely dangerous to miscast (22% risk of failure)!
Continue anyway?
Aiming: Fulminant Prism (extremely dangerous; 22% risk of failure)
Press: ? - help, Dir - move target You miscast Fulminant Prism.
Nothing appears to happen.
The lemure shouts!
Pikel zaps a wand.
Your mind is blasted!
Ouch! That really hurt!
You die...

#.#.# ##5##.# #.#.#
#.. ..##.# #.#.#
#... #.##.# #.#.#
#..# #.##.####.#
#...# #..#
#$.5Z.....# ##..#
#..# #.##.######
#..# #..####5##<#
#..# #..........#
#..######..@...K####
#..........####.#
##.#######.# #.#
#.#######.# #..
#...<.....# #.##
########### #.# #.#
#..


You could see Pikel and a lemure.

Vanquished Creatures
  A black bear (D:4)
  2 lemures (D:4)
  A jelly (D:4)
  A gnoll shaman (D:4)
  Robin (D:4)
  A howler monkey zombie (D:5)
  2 gnolls (D:5)
  A howler monkey skeleton (D:4)
  5 adders
  A worm (D:2)
  2 dart slugs
  4 orcs (D:4)
  4 ball pythons
  2 bats
  5 endoplasms
  3 giant cockroaches
  13 goblins
  7 hobgoblins
  2 jackals (D:2)
  2 quokkas
  7 frilled lizards
  9 kobolds
  A rat (D:2)
77 creatures vanquished.

Vanquished Creatures (others)
  A fulminant prism (D:4)
  8 plants (D:2)
9 creatures vanquished.

Grand Total: 86 creatures vanquished

Notes
Turn   | Place    | Note
-------+----------+-------------------------------------------
     0 | D:1      | Htamos the Deep Elf Conjurer began the quest for the Orb.
     0 | D:1      | Reached XP level 1. HP: 10/10 MP: 6/6
   347 | D:1      | Found a faded altar of an unknown god.
   448 | D:1      | Reached skill level 4 in Spellcasting
   448 | D:1      | Reached XP level 2. HP: 15/15 MP: 7/9
   954 | D:2      | Found a shadowy altar of Dithmenos.
  1049 | D:2      | Found Vyggusk's Jewellery Shoppe.
  1155 | D:2      | Noticed Sigmund
  1409 | D:3      | Noticed Ijyb
  1528 | D:3      | Reached XP level 3. HP: 19/19 MP: 9/11
  1619 | D:3      | Reached skill level 5 in Spellcasting
  2110 | D:3      | Found an ornate altar of the Wu Jian Council.
  2806 | D:4      | Noticed a black bear
  2902 | D:4      | Reached XP level 4. HP: 21/24 MP: 9/13
  2919 | D:4      | Reached skill level 6 in Spellcasting
  3255 | D:4      | Noticed Robin
  3262 | D:4      | Killed Robin
  3429 | D:4      | Reached skill level 7 in Spellcasting
  3429 | D:4      | Reached XP level 5. HP: 28/28 MP: 10/16
  3565 | D:4      | Learned a level 4 spell: Fulminant Prism
  3570 | D:4      | Learned a level 4 spell: Iskenderun's Mystic Blast
  3922 | D:4      | Killed a black bear
  3923 | D:4      | Reached skill level 8 in Spellcasting
  3923 | D:4      | Reached XP level 6. HP: 32/32 MP: 5/19
  4190 | D:5      | Entered Level 5 of the Dungeon
  4205 | D:5      | Noticed Pikel
  4542 | D:5      | Noticed a vampire mosquito
  4807 | D:5      | Blown up by Pikel

Illustrated notes

Levels and vault maps discovered:
D:1:      noname_arrival_rooms_in_the_neighbourhood, layout_loops_ring,
          dreamdust_ecumenical_altar_angels_and_demons, minivault_25,
          minmay_misc_feat_secret_circle
D:2:      layout_loops_ring, serial_shops, nicolae_shop_trees, basic_altar,
          lexackson_kobold_supper, uniq_sigmund, uniq_terence
D:3:      layout_basic, lemuel_crystal_altar, minmay_splitting_lines, uniq_ijyb
D:4:      layout_basic, uniq_robin
D:5:      minmay_evil_eye, layout_loops_ring, gup_sewer_entry_glass, uniq_pikel,
          uniq_edmund

Skill      XL: |  1  2  3  4  5 |
---------------+----------------+-----
Spellcasting   | 4 5 7 8 |  8.9
Dodging        | |  2.4
Stealth        | |  2.4
Conjurations   | |  4.3

Action                   |  1- 3 |  4- 6 || total
-------------------------+-------+-------++-------
Melee: Unarmed           |       |     1 ||     1
 Cast: Magic Dart        |    82 |    98 ||   180
       Iskenderun's Myst |       |    11 ||    11
       Fulminant Prism   |       |     1 ||     1
Evoke: Wand              |       |     3 ||     3
  Use: Scroll            |       |     7 ||     7
Armor: Robe              |     1 |       ||     1
Dodge: Dodged            |     4 |    17 ||    21

Table legend: (Time is in decaauts)
 A = Elapsed time spent in this place.
 B = Non-inter-level travel time spent in this place.
 C = Inter-level travel time spent in this place.
 D = Time resting spent in this place.
 E = Time spent auto-exploring this place.
 F = Levels seen in this place.
 G = Mean time per level.
                   A        B        C        D        E       F      G
               +--------+--------+--------+--------+--------+-----+--------+
         Total |   4816 |   4473 |    343 |    525 |   3315 |   5 |  963.2 |
       Dungeon |   4816 |   4473 |    343 |    525 |   3315 |   5 |  963.2 |
               +--------+--------+--------+--------+--------+-----+--------+

Top non-repeatable levels by time:
     D:4: 1816 daAuts
     D:3: 1020 daAuts
     D:1: 1016 daAuts
     D:2: 834 daAuts
     D:5: 127 daAuts
